Map: Abiogênese LE

Players

IagoAbreu - Winner!

  • Race: Protoss Protoss
  • League: Silver
  • Spawn Location: 5:00

umirinbrah

  • Race: Terran Terran
  • Spawn Location: 11:00

VOD

Have the link to the VOD?

Description

Time

  • Played on: March 9, 2018, 10:06 a.m.
  • Length: 8:53
Show
View Real Time Build Order
Export as new Build Order

IagoAbreu Protoss - Winner!

Build Orders:  

Get SALT Encoding   

  12  0:02  Probe (Chrono Boost)  
  13  0:15  Probe (Chrono Boost)  
  14  0:22  Pylon  
  14  0:28  Probe  
  15  0:42  Forge  
  15  0:53  Probe (Chrono Boost)  
  17  1:05  Probe (Chrono Boost)  
  17  1:11  Pylon, Assimilator  
  17  1:12  Probe (Chrono Boost)  
  17  1:16  Assimilator  
  18  1:26  Probe  
  19  1:35  Gateway  
  19  1:38  Gateway, Probe  
  20  1:54  Probe  
  21  2:06  Probe  
  22  2:20  Photon Cannon  
  22  2:25  Cybernetics Core  
  22  2:28  Probe  
  23  2:44  Gateway  
  23  2:52  Photon Cannon  
  23  3:06  Adept  
  23  3:07  Adept  
  27  3:14  Gateway  
  27  3:23  Protoss Ground Weapons Level 1  
  27  3:33  Adept  
  29  3:36  Adept  
  31  3:46  Pylon  
  31  4:00  Pylon  
  31  4:04  Adept  
  31  4:07  Adept  
  31  4:08  Adept x2  
  37  4:37  Adept  
  29  5:04  Adept  
  27  5:10  Adept x3  
  33  5:29  Nexus  
  33  5:32  Adept (Chrono Boost)  
  35  5:37  Adept x3 (Chrono Boost)  
  41  5:52  Adept (Chrono Boost)  
  41  5:55  Adept x2 (Chrono Boost)  
  47  6:04  Pylon  
  47  6:22  Adept  
  49  6:47  Probe (Chrono Boost)  
  50  6:57  Probe (Chrono Boost)  
  51  7:02  Probe (Chrono Boost)  
  52  7:22  Probe  
  31  7:25  Zealot  
  31  7:26  Zealot x3  
  39  7:34  Probe  
  40  7:46  Probe  
  41  7:59  Probe  
  40  8:11  Probe  
  35  8:21  Forge  
Show
View Real Time Build Order
Export as new Build Order

umirinbrah Terran 

Build Orders: MMM Bio 

Get SALT Encoding   

  12  0:01  SCV  
  13  0:13  SCV  
  14  0:18  Supply Depot  
  14  0:25  SCV  
  15  0:30  Refinery  
  15  0:39  SCV  
  16  0:47  Barracks  
  16  0:51  SCV  
  17  1:04  Barracks  
  17  1:08  SCV  
  18  1:20  SCV, Refinery  
  19  1:34  SCV, Supply Depot  
  19  1:37  Barracks Reactor  
  21  1:47  SCV  
  21  1:53  Barracks Tech Lab  
  21  1:59  SCV  
  22  2:05  Factory  
  22  2:11  SCV  
  22  2:13  Marine  
  22  2:14  Marine  
  25  2:22  Supply Depot  
  25  2:27  Combat Shields  
  25  2:31  Marine  
  26  2:41  Orbital Command  
  26  2:45  Marine  
  26  2:48  Marine  
  28  2:57  Supply Depot  
  28  3:06  Engineering Bay  
  28  3:10  SCV  
  29  3:12  Marine  
  29  3:17  Factory Tech Lab  
  30  3:27  Starport  
  30  3:28  Marine  
  30  3:30  Marine  
  32  3:38  Terran Infantry Weapons Level 1  
  32  3:41  Marine  
  33  3:48  Marine  
  33  3:50  Stimpack  
  33  3:55  SCV  
  35  4:06  Marine, Supply Depot  
  35  4:07  SCV  
  35  4:09  Starport Reactor  
  37  4:12  Marine  
  38  4:22  Marine  
  39  4:28  Supply Depot  
  39  4:30  Marine  
  39  4:32  Marine  
  39  4:37  SCV  
  39  4:39  Marine  
  39  4:44  Siege Tank  
  43  4:47  Medivac  
  43  4:48  Marine  
  46  4:59  Marine  
  44  5:03  Medivac  
  47  5:08  Supply Depot  
  47  5:17  Marine, Medivac  
  50  5:25  Marine x2  
  52  5:30  Supply Depot  
  52  5:32  Terran Infantry Armor Level 1  
  52  5:34  Armory  
  52  5:35  Marine  
  53  5:43  Marine  
  54  5:50  Marine  
  54  5:53  Marine, Supply Depot  
  56  6:00  Marine  
  56  6:02  Siege Tank  
  60  6:11  Marine  
  60  6:13  Marine  
  60  6:15  Supply Depot  
  62  6:18  Marine  
  63  6:29  Marine  
  63  6:31  Marine  
  66  6:36  Marine  
  31  7:16  Orbital Command  
  31  7:44  SCV  
Tags
 
Composition
MMM Bio
League
Silver
Matchup
PvT
Spawn Locations
Cross Positions
Add a new tag
Caveats
  • Supply blocks, unpowered buildings, or Contaminate may cause inaccurate times.
  • Supply counts are checked every 10 seconds.